 Dungeon Crawl Stone Soup version 0.25-a0-834-g55863b0b92 (webtiles) character file.

Game seed: 935683303287791422, levelgen mode: deterministic

37 Maedhros the Charlatan (level 3, -3/23 HPs)
             Began as an Octopode Artificer on Apr 23, 2020.
             Slain by a worker ant (6 damage)
             ... on level 4 of the Dungeon.
             The game lasted 00:00:45 (1055 turns).

Maedhros the Charlatan (Octopode Artificer)         Turns: 1055, Time: 00:00:46

Health: -3/23      AC:  1    Str: 11    XL:     3   Next: 41%
Magic:  6/6        EV: 13    Int: 13    God:
Gold:   48         SH:  0    Dex: 13    Spells: 2/2 levels left

rFire    . . .     SeeInvis .   a - +0 short sword
rCold    . . .     Gourm    .   (no shield)
rNeg     . . .     Faith    .   (helmet restricted)
rPois    .         Spirit   .   (no amulet)
rElec    .         Reflect  .   (no ring)
rCorr    .         Harm     .   (no ring)
MR       .....                  (no ring)
Stlth    +++.......             (no ring)
HPRegen  0.07/turn              (no ring)
MPRegen  0.10/turn              (no ring)
                                (no ring)
                                (no ring)

@: brilliant, lethally poisoned (-3 -> -9)
A: almost no armour, stealthy swim, amphibious, 8 rings, constrict 8, camouflage
1, gelatinous body 1
a: no special abilities


You were on level 4 of the Dungeon.
You were not hungry.

You visited 1 branch of the dungeon, and saw 4 of its levels.

You collected 48 gold pieces.

Inventory:

Hand Weapons
 a - a +0 short sword (weapon)
Wands
 b - a wand of flame (15)
 c - a wand of enslavement (15)
 d - a wand of random effects (15)
Scrolls
 e - 2 scrolls of remove curse {unknown}
 g - a scroll of random uselessness {unknown}
 h - a scroll of identify {unknown}
 i - a scroll of magic mapping {unknown}
 k - a scroll of enchant weapon {unknown}
 l - a scroll of amnesia {unknown}
Comestibles
 f - 3 rations


   Skills:
 - Level 1.0 Fighting
 - Level 1.0 Short Blades
 - Level 2.0 Dodging
 + Level 3.4 Stealth
 + Level 4.1 Evocations


You had 2 spell levels left.
You didn't know any spells.
Your spell library was empty.

Dungeon Overview and Level Annotations

Branches:
Dungeon (4/15)
 Temple: D:4-7

Altars:


Innate Abilities, Weirdness & Mutations

You cannot wear most types of armour.
You are very stealthy in the water. (Stealth+)
You are amphibious.
You can wear up to eight rings at the same time.
You can use your tentacles to constrict eight enemies at once.
Your skin changes colour to match your surroundings (Stealth+).
Your rubbery body absorbs attacks. (AC +1, EV +1)


Message History

The ooze quivers.
You hit the worker ant.
You squeeze the worker ant, but do no damage.
The worker ant is heavily wounded.
You constrict the worker ant.
You feel sick. The worker ant bites you.
You hit the worker ant.
The worker ant is severely wounded.
You constrict the worker ant, but do no damage.
You feel sick.
The worker ant bites you but does no damage.
The worker ant bites you.
* * * LOW HITPOINT WARNING * * *
It was a potion of brilliance.
You feel clever all of a sudden.
You constrict the worker ant.
* * * LOW HITPOINT WARNING * * *
You feel sick.
The worker ant waves its antennae.
The worker ant bites you.
You die...

...##.## ...#.. #...
.....# ..#
#.......o.
...##....#..o
.........#a.#
........##).# ?
........##.#####....
..........oa@J......
..........#####.....
.......?...###. .#.
...............
...........###..
.##.........#
........<..##
.##........#
....##.....#


You could see a worker ant, an ooze and an orc.

Vanquished Creatures
  2 leopard geckos
  2 orcs
  3 bats
  2 giant cockroaches
  2 goblins (D:1)
  5 hobgoblins (D:1)
  5 kobolds
  2 frilled lizards (D:1)
  8 rats
31 creatures vanquished.

Notes
Turn   | Place    | Note
-------+----------+-------------------------------------------
     0 | D:1      | Maedhros the Octopode Artificer began the quest for the
                  | Orb.
     0 | D:1      | Reached XP level 1. HP: 13/13 MP: 3/3
    71 | D:1      | Reached XP level 2. HP: 16/18 MP: 4/4
   654 | D:1      | Reached XP level 3. HP: 23/23 MP: 5/5
   689 | D:1      | Reached skill level 4 in Evocations
  1055 | D:4      | Slain by a worker ant

Levels and vault maps discovered:
D:1:      scummos_arrival_simple_fountains, layout_loops_ring
D:2:      layout_loops_ring, minmay_randomly_rotated_circles
D:3:      layout_basic, first_ration
D:4:      layout_cave_pools

Skill      XL: |  1  2  3 |
---------------+----------+-----
Stealth        | 2 3 |  3.4
Evocations     | 4 |  4.1
Fighting       | |  1.0
Short Blades   | |  1.0
Dodging        | |  2.0

Action                   || total
-------------------------++-------
Melee: Short sword       ||    60
       Constrict         ||    15
       Tentacles         ||     8
  Use: Potion            ||     1
 Stab: Sleeping          ||    12
Armor: Skin              ||     4
Dodge: Dodged            ||    43

Table legend:
 A = Non-vault XP
 B = Vault XP
 C = Vault XP percentage of total XP
 D = Non-vault monster count
 E = Vault monster count
 F = Vault count percentage of total count
                 A         B        C        D         E       F
            +---------+---------+-------+---------+---------+-------
      Total |      54 |       0 |   0.0 |      31 |       0 |   0.0
            +---------+---------+-------+---------+---------+-------
        D:1 |      36 |       0 |   0.0 |      22 |       0 |   0.0
        D:2 |       3 |       0 |   0.0 |       1 |       0 |   0.0
        D:3 |      12 |       0 |   0.0 |       7 |       0 |   0.0
        D:4 |       3 |       0 |   0.0 |       1 |       0 |   0.0
            +---------+---------+-------+---------+---------+-------
